 Dungeon Crawl Stone Soup version 0.28.0-45-g0d030f2227 (webtiles) character file.

Game seed: 962429943095447305

3257 Peloso the Carver (level 9, -2/81 HPs)
             Began as a Minotaur Fighter on Mar 31, 2022.
             Was an Initiate of Okawaru.
             Slain by a hornet (5 damage)
             ... on level 8 of the Dungeon.
             The game lasted 00:10:02 (8821 turns).

Peloso the Carver (Minotaur Fighter)                Turns: 8821, Time: 00:10:02

Health: -2/81      AC: 15    Str: 36    XL:     9   Next: 67%
Magic:  8/8        EV:  9    Int:  5    God:    Okawaru [......]
Gold:   232        SH:  5    Dex: 13    Spells: 8/8 levels left

rFire   . . .      SeeInvis .   a - +0 long sword
rCold   . . .      Faith    .   c - +0 buckler
rNeg    . . .      Spirit   .   z - +0 plate armour
rPois   .          Reflect  .   (helmet restricted)
rElec   .          Harm     .   (no cloak)
rCorr   .          Rampage  .   e - +0 pair of gloves
Will    .....                   (no boots)
Stlth   ..........              (no amulet)
HPRegen 0.23/turn               k - +6 ring of strength
MPRegen 0.11/turn               B - +6 ring of strength

@: lethally poisoned (-2 -> -21), slowed, studying Crossbows, very slow
A: horns 2, retaliatory headbutt, deterioration 1, strong 1, no potion heal 1
a: Renounce Religion


You were on level 8 of the Dungeon.
You worshipped Okawaru.
Okawaru was noncommittal.
You visited 2 branches of the dungeon, and saw 9 of its levels.

You collected 232 gold pieces.

Inventory:

Hand Weapons
 a - a +0 long sword (weapon)
Armour
 b - a +0 scale mail
 c - a +0 buckler (worn)
 e - a +0 pair of gloves (worn)
 z - a +0 plate armour (worn)
Jewellery
 j - a ring of magical power
 k - a +6 ring of strength (left hand)
 u - an amulet of faith
 B - a +6 ring of strength (right hand)
Wands
 A - a wand of mindburst (13)
Scrolls
 f - 2 scrolls of fog {unknown}
 h - a scroll of brand weapon {unknown}
 i - 5 scrolls of teleportation {unknown}
 m - 2 scrolls of amnesia {unknown}
 o - a scroll of blinking {unknown}
 r - a scroll of immolation {unknown}
 v - a scroll of identify
 y - a scroll of fear {unknown}
Potions
 d - a potion of might
 g - a potion of brilliance
 n - 2 potions of ambrosia {unknown}
 p - 2 potions of mutation
 q - 3 potions of curing {unknown}
 s - a potion of flight {unknown}
 t - a potion of berserk rage {unknown}
 w - a potion of magic {unknown}
 x - a potion of invisibility {unknown}


   Skills:
 + Level 8.2 Fighting
 + Level 9.9 Long Blades
 + Level 9.9 Armour
 + Level 3.2 Dodging
 + Level 1.1 Stealth
 + Level 5.6 Shields


You had 8 spell levels left.
You didn't know any spells.
Your spell library contained the following spells:

 Spells                   Type           Power      Damage    Failure   Level
 Static Discharge         Conj/Air       0%         N/A       99%         2
 Dispel Undead            Necr           0%         3d6       100%        4
 Sticky Flame             Conj/Fire      0%         2d3       100%        4


Dungeon Overview and Level Annotations

Branches:
Dungeon (8/15)             Temple (1/1) D:6
   Lair: D:8-11

Altars:
Ashenzari
Fedhas
Makhleb
Nemelex Xobeh
Okawaru
Sif Muna
Vehumet
Zin
The Shining One

Shops:
D:6 =   D:7 (

Annotations:
D:5 1 runed translucent door, Peloso's ghost, novice MiFi


Innate Abilities, Weirdness & Mutations

You have a pair of horns on your head.
You reflexively headbutt those who attack you in melee.
Your body sometimes deteriorates upon taking damage.
Your muscles are strong. (Str +2)
Potions are less effective at restoring your health.


Message History

The centaur kicks you but does no damage.
You closely miss the hornet.
The hornet is heavily wounded.
You feel very sick. You block the hornet's attack.
The centaur barely misses you. The centaur closely misses you.
The hornet stings you.
* * * LOW HITPOINT WARNING * * *
You are lethally poisoned!
You feel as though you will be slow longer.
You hear some strange, mumbled words.
A magic dart appears from out of thin air!
The magic dart hits you!
* * * LOW HITPOINT WARNING * * *
The centaur closely misses you. The centaur barely misses you.
You feel much better.
You feel very sick. The hornet stings you!
* * * LOW HITPOINT WARNING * * *
You are lethally poisoned!
You feel as though you will be slow longer.
The centaur hits you but does no damage.
You block the centaur's attack. You block the hornet's attack.
You hear some strange, mumbled words.
Something tries to affect you, but you resist.
The centaur hits you but does no damage.
The centaur kicks you but does no damage.
The hornet stings you but does no damage.
Something hits you but does no damage.
It was a potion of mutation.
You feel extremely strange.
You feel yourself wasting away.
Your system partially rejects the healing effects of potions.
You feel stronger.
* * * LOW HITPOINT WARNING * * *
You feel extremely sick. The centaur hits you.
* * * LOW HITPOINT WARNING * * *
You block the centaur's attack. You block the hornet's attack.
The centaur closely misses you. You block the centaur's attack.
Something hits you but does no damage. The hornet stings you.
You die...

.###............
..#.............
............>....
.................
............##...
.........#...##..
.........#...#..#
.........{o....#
........@.....#
.......yc.....#
?...............
...##.#...###...
...#...>### ..
......... .
.......# .....)##


You could see a hornet, a centaur and an orc.

Vanquished Creatures
  Sigmund (D:2)
  2 wyverns
  2 water moccasins
  An orc warrior (D:7)
  A sky beast (D:7)
  4 black bears
  A necrophage (D:4)
  An ogre (D:3)
  2 centaurs
  2 phantoms
  2 kobold brigands
  3 bullfrogs
  A gnoll sergeant (D:6)
  3 scorpions
  4 wights (D:4)
  2 howler monkeys
  A bullfrog zombie (D:5)
  A jelly (D:3)
  An orc priest (D:5)
  A centaur skeleton (D:6)
  4 hounds
  A bullfrog skeleton (D:4)
  3 iguanas
  3 orc wizards
  A hound skeleton (D:4)
  18 gnolls
  5 adders
  A shadow imp (D:5)
  A white imp (D:5)
  An adder skeleton (D:3)
  A worm (D:3)
  2 dart slugs
  13 orcs
  5 ball pythons
  3 endoplasms
  A giant cockroach (D:4)
  15 goblins
  7 hobgoblins
  6 jackals
  4 quokkas
  3 bats
  5 frilled lizards
  12 kobolds
  4 rats
155 creatures vanquished.

Notes
Turn   | Place    | Note
-------+----------+-------------------------------------------
     0 | D:1      | Peloso the Minotaur Fighter began the quest for the Orb.
     0 | D:1      | Reached XP level 1. HP: 19/19 MP: 0/0
   223 | D:1      | Reached XP level 2. HP: 19/27 MP: 1/1
   466 | D:1      | Found a faded altar of an unknown god.
  1119 | D:2      | Reached XP level 3. HP: 31/33 MP: 2/2
  1552 | D:2      | Noticed Sigmund
  1613 | D:2      | Killed Sigmund
  1614 | D:2      | Reached skill level 1 in Dodging
  1614 | D:2      | Reached XP level 4. HP: 8/41 MP: 3/3
  1614 | D:2      | Reached XP level 5. HP: 9/47 MP: 4/4
  2007 | D:3      | Reached skill level 5 in Long Blades
  2153 | D:3      | Reached skill level 5 in Armour
  2249 | D:3      | Noticed a phantom
  2254 | D:3      | Killed a phantom
  2255 | D:3      | Reached XP level 6. HP: 51/53 MP: 5/5
  2314 | D:3      | Found a radiant altar of Vehumet.
  2655 | D:3      | Reached skill level 5 in Fighting
  3241 | D:4      | Reached XP level 7. HP: 61/61 MP: 6/6
  4329 | D:4      | Reached XP level 8. HP: 11/70 MP: 7/7
  4330 | D:4      | Reached skill level 1 in Stealth
  4925 | D:3      | Reached skill level 5 in Shields
  5609 | D:5      | Entered Level 5 of the Dungeon
  5853 | D:5      | Found a runed translucent door.
  5854 | D:5      | Noticed Peloso's ghost (novice MiFi)
  6003 | D:5      | Found a broken altar of Ashenzari.
  6431 | D:6      | Reached XP level 9. HP: 79/79 MP: 8/8
  6933 | D:6      | Found a staircase to the Ecumenical Temple.
  7069 | D:6      | Found Riqoph's Jewellery Shop.
  7172 | D:6      | Found a shimmering blue altar of Sif Muna.
  7437 | D:7      | Found a sparkling altar of Nemelex Xobeh.
  7791 | D:7      | Found a glowing golden altar of the Shining One.
  7901 | D:7      | Found Necif's Weapon Shoppe.
  8244 | D:7      | Found a glowing silver altar of Zin.
  8621 | Temple   | Entered the Ecumenical Temple
  8692 | Temple   | Became a worshipper of Warmaster Okawaru
  8816 | D:8      | Paralysed by a hornet for 2 turns
  8819 | D:8      | HP: 2/81 [something/magic dart (11)]
  8821 | D:8      | Gained mutation: Your body sometimes deteriorates upon
                  | taking damage. [potion of mutation]
  8821 | D:8      | Gained mutation: Potions are less effective at restoring
                  | your health. [potion of mutation]
  8821 | D:8      | Gained mutation: Your muscles are strong. (Str +2) [potion
                  | of mutation]
  8821 | D:8      | Slain by a hornet

Illustrated notes

Levels and vault maps discovered:
D:1:      dpeg_arrival_shrine, layout_loops_corners, basic_ecumenical_altar,
          fountainhead, minmay_misc_feat_nine_boxes
D:2:      layout_rooms, minmay_goblin_outpost, uniq_sigmund
D:3:      layout_basic, mainiacjoe_overflow_surrounded_room
D:4:      mumra_celtic_spiral_tile, layout_basic, minmay_manual_moon
D:5:      layout_rooms, mainiacjoe_overflow_alcove_2,
          ebering_ghost_reflecting_pool, lightli_corner_chamber
D:6:      layout_loops_cross, lemuel_tele_altar, minmay_temple_entry_poolview,
          serial_shops, nicolae_inconvenience_store
D:7:      layout_basic, nicolae_overflow_crystal_walls,
          mainiacjoe_overflow_brackets, kennysheep_mini, serial_shops, shop,
          grunt_ministairs_9, minmay_misc_feat_more_columns, roderic_lattice_a,
          minmay_misc_feat_tower, roderic_roman_lattice, grunt_decor_fettered
D:8:      layout_cave_pools, pdpol_wu_jian_five_deadly_venoms,
          erik_lair_orcish_takeover, enter_bailey_4, lemuel_flamethrower_2
Temple:   regret_index_temple_generic_petals

Skill      XL: |  1  2  3  4  5  6  7  8  9 |
---------------+----------------------------+-----
Shields        | 4 5 |  5.6
Long Blades    | 3 4 5 6 8 9 |  9.9
Armour         | 4 5 7 8 9 |  9.9
Fighting       | 4 5 7 8 |  8.2
Dodging        | 1 2 3 |  3.2
Stealth        | 1 |  1.1

Action                   |  1- 3 |  4- 6 |  7- 9 || total
-------------------------+-------+-------+-------++-------
Melee: Long sword        |    90 |    67 |   272 ||   429
       Headbutt          |    10 |     6 |    47 ||    63
  Use: Scroll            |       |     3 |     1 ||     4
       Potion            |       |       |     2 ||     2
Armor: Scale mail        |    61 |    23 |    95 ||   179
       Plate armour      |       |       |    61 ||    61
Dodge: Dodged            |    52 |    20 |   177 ||   249
Block: Buckler           |    22 |    15 |    86 ||   123
